 Dungeon Crawl Stone Soup version 0.16.2-3-ga078185 (webtiles) character file.

555 gorblad the Covered (level 7, -1/61 HPs)
             Began as a Minotaur Fighter on Sept 8, 2015.
             Slain by an ogre
             ... wielding a +0 giant spiked club
              (13 damage)
             ... on level 5 of the Dungeon.
             The game lasted 00:12:52 (3869 turns).

gorblad the Covered (Minotaur Fighter)              Turns: 3869, Time: 00:12:53

Health: -1/61      AC:  8    Str: 24    XL:     7   Next: 8%
Magic:  3/3        EV:  9    Int:  5    God:
Gold:   274        SH: 11    Dex: 12    Spells: 0 memorised, 6 levels left

rFire  . . .     SeeInvis .     a - +2 war axe
rCold  . . .     Clarity  .     b - +0 scale mail
rNeg   . . .     SustAb   .     n - +1 shield
rPois  .         Gourm    .     (helmet restricted)
rElec  .         Spirit   .     r - +0 cloak
rCorr  +         Warding  .     (no gloves)
rMut   .         Stasis   .     (no boots)
MR     +....                    v - amulet of resist corrosion
Stlth  ..........               x - ring of protection from magic
                                s - +4 ring of strength

@: somewhat resistant to hostile enchantments, extremely unstealthy
A: retaliatory headbutt, horns 2
a: no special abilities


You were on level 5 of the Dungeon.
You were not hungry.

You visited 1 branch of the dungeon, and saw 5 of its levels.

You collected 274 gold pieces.

Inventory:

Hand weapons
 a - a +2 war axe (weapon)
Armour
 b - a +0 scale mail (worn)
 c - a +0 shield
 n - a +1 shield (worn)
 r - a +0 cloak (worn)
Jewellery
 o - a cursed amulet of inaccuracy
 s - a +4 ring of strength (left hand)
 u - an uncursed ring of wizardry
 v - an amulet of resist corrosion (around neck)
 x - a ring of protection from magic (right hand)
 y - a -2 ring of strength
 D - an uncursed ring of positive energy
 E - an uncursed ring of teleport control
 K - a +1 ring of slaying {unknown}
Scrolls
 g - 3 scrolls of remove curse
 p - 4 scrolls of identify
 q - a scroll of enchant armour
 t - 2 scrolls of fog
 F - a scroll of magic mapping
 G - 2 scrolls of immolation {unknown}
 H - a scroll of teleportation
 I - a scroll of amnesia {unknown}
Potions
 e - 2 potions of might
 f - a potion of flight {unknown}
 h - a potion of mutation {unknown}
 i - a potion of invisibility {unknown}
 m - a potion of ambrosia {unknown}
 w - 2 potions of restore abilities {unknown}
 z - 2 potions of brilliance {unknown}
 A - a potion of poison {unknown}
 B - a potion of curing {unknown}
 C - a potion of beneficial mutation {unknown}
Comestibles
 d - 4 bread rations
 j - a slice of pizza
 k - 3 meat rations
 l - 2 beef jerkies


   Skills:
 + Level 5.0 Fighting
 + Level 4.8 Axes
 + Level 6.2 Armour
 + Level 2.1 Dodging
 + Level 0.5 Stealth
 + Level 5.3 Shields


You had 6 spell levels left.
You didn't know any spells.

Dungeon Overview and Level Annotations

Branches:
Dungeon (5/15)
 Temple: D:4-7

Altars:
Nemelex Xobeh
Ru

Annotations:
D:5 Blork the orc


Innate Abilities, Weirdness & Mutations

You reflexively headbutt those who attack you in melee.
You have a pair of horns on your head.


Message History

Blork the orc zaps a wand.
You resist with almost no effort.
It is a wand of polymorph.
Blork the orc gestures wildly while chanting.
Blork the orc seems to speed up.
Blork the orc mumbles some strange words.
Blork the orc flickers and vanishes!
Deactivating autopickup; reactivate with Ctrl-A.
You block the ogre's attack.
All of the chunks of flesh in your inventory have rotted away.
You hear a zap.
Something tries to affect you, but you resist.
You hear a zap.
Something tries to affect you, but you resist.
There is a stone staircase leading up here.
You see here a club.
You can't go down here!
The magic dart hits you!
* * * LOW HITPOINT WARNING * * *
The ogre hits you with a giant spiked club!
You die...

...........
..............
...........>......
#....#...#..........
..........#.##..... #
##....$.....##...#
..#.......#.))##..#
............).)...#
#...........##@..#.?.#
#.........##..O.# #
##...........#..## .#
##.........##...#..#
##....###..##...#
#...###..#...##.#
+.#..#..###..# #..
###!.##. #### ##..
#.o).##


You could see an ogre.

Vanquished Creatures
  An ogre (D:5)
  2 orc priests
  2 hounds (D:4)
  4 orc wizards
  A worker ant (D:4)
  6 adders
  3 gnolls (D:4)
  A giant mite (D:4)
  2 worms
  An adder skeleton (D:4)
  6 giant geckos
  2 oozes
  14 orcs
  A ball python (D:1)
  A bat skeleton (D:4)
  8 hobgoblins
  2 jackals (D:3)
  7 kobolds
  11 bats
  3 giant cockroaches
  8 giant newts
  12 goblins
  3 quokkas
  A quokka skeleton (D:5)
  10 rats
  A ballistomycete (D:4)
113 creatures vanquished.

Vanquished Creatures (others)
  A giant spore (D:4)
1 creature vanquished.

Grand Total: 114 creatures vanquished

Notes
Turn   | Place    | Note
--------------------------------------------------------------
     0 | D:1      | gorblad, the Minotaur Fighter, began the quest for the Orb.
     0 | D:1      | Reached XP level 1. HP: 19/19 MP: 1/1
   140 | D:1      | Reached XP level 2. HP: 27/27 MP: 1/1
   144 | D:1      | Reached skill level 4 in Shields
   629 | D:1      | Reached XP level 3. HP: 22/33 MP: 2/2
  1169 | D:2      | Reached XP level 4. HP: 38/40 MP: 2/2
  1363 | D:2      | Reached skill level 1 in Dodging
  1687 | D:3      | Reached skill level 5 in Armour
  1689 | D:3      | Reached XP level 5. HP: 20/47 MP: 2/2
  2715 | D:4      | Found a sacrificial altar of Ru.
  2780 | D:4      | Reached XP level 6. HP: 53/53 MP: 3/3
  3210 | D:4      | Found a sparkling altar of Nemelex Xobeh.
  3613 | D:5      | Entered Level 5 of the Dungeon
  3623 | D:5      | Reached skill level 6 in Armour
  3623 | D:5      | Reached skill level 5 in Shields
  3626 | D:5      | Reached skill level 5 in Fighting
  3846 | D:5      | Noticed Blork the orc
  3850 | D:5      | Reached XP level 7. HP: 28/61 MP: 3/3
  3869 | D:5      | Slain by an ogre

Action                   |  1- 3 |  4- 6 |  7- 9 || total
-------------------------+-------+-------+-------++-------
Melee: War axe           |    98 |   137 |     2 ||   237
  Use: Scroll            |       |    12 |       ||    12
  Eat: Chunk             |     1 |     2 |       ||     3
       Meat ration       |       |     1 |       ||     1
       Bread ration      |       |     1 |       ||     1
